cohdb
Replays
Latest Replays
All Replays
Popular Replays
Top Player Replays
Match Explorer
How It Works
Community
CoH3 Stats
Reddit
Sign in to upload your games and track your stats! →
Sign in with Steam
Match 41047723
Unlisted
Match 41047723
Overview
Messages
Build Orders
End
Selects Luftwaffe Battlegroup
Selects Luftwaffe Pioneer Support
Fallschirmpioneer Squad Paradrop
Construct Infanterie Kompanie
Fallschirmpioneer Squad Paradrop
Fallschirmpioneer Squad Paradrop
Construct Panzergrenadier Kompanie
Fallschirmpioneer Squad Paradrop
MG 42 Machine Gun Team
제육 볶음
Para_Dilshan
令人发疯的电脑
火鸡
ELpsycrongoo
Master_Your_Sleep
mx.raith
欢迎来到免费周
0
0
Comments
sign in to comment!
No comments posted yet!